 Dungeon Crawl Stone Soup version 0.32-a0-868-g153ae1a8d6 (webtiles) character file.

Game seed: 4604766584599393095

46 wilfster70 the Conjurer (level 3, 0/26 HPs)
             Began as a Gnoll Wanderer on Mar 28, 2024.
             Slain by an adder (2 damage)
             ... on level 2 of the Dungeon.
             The game lasted 00:04:56 (1178 turns).

wilfster70 the Conjurer (Gnoll Wanderer)            Turns: 1178, Time: 00:04:56

Health: 0/26       AC:  2    Str:  8    XL:     3   Next: 66%
Magic:  1/7        EV: 10    Int: 14    God:
Gold:   63         SH:  4    Dex: 13    Spells: 6/7 levels left

rFire   . . .        a - +0 dagger
rCold   . . .        d - +0 buckler
rNeg    . . .        c - +0 robe
rPois   .            (no helmet)
rElec   .            (no cloak)
rCorr   .            (no gloves)
SInv    .            (no boots)
Will    .....        (no amulet)
Stlth   ++           (no ring)
HPRegen 0.24/turn    (no ring)
MPRegen 0.10/turn

%: no passive effects
@: lethally poisoned (0 -> -5)
A: fangs 1, strong nose, distributed training
a: no special abilities


You were on level 2 of the Dungeon.
You visited 1 branch of the dungeon, and saw 2 of its levels.

You collected 63 gold pieces.

Inventory:

Hand Weapons
 a - a +0 dagger (weapon)
Missiles
 e - 5 poisoned darts (quivered)
Armour
 c - a +0 robe (worn)
 d - a +0 buckler (worn)
Scrolls
 g - a scroll of immolation {unknown}
Potions
 b - a potion of attraction


   Skills:
 + Level 1.0 Fighting
 + Level 1.0 Short Blades
 + Level 1.0 Long Blades
 + Level 1.0 Axes
 + Level 1.0 Maces & Flails
 + Level 1.0 Polearms
 + Level 1.0 Staves
 + Level 1.0 Ranged Weapons
 + Level 2.6 Throwing
 + Level 2.6 Armour
 + Level 1.0 Dodging
 + Level 2.4 Stealth
 + Level 2.6 Shields
 + Level 1.0 Unarmed Combat
 + Level 2.9 Spellcasting
 + Level 7.1 Conjurations
 + Level 0.7 Hexes
 + Level 0.7 Summonings
 + Level 0.7 Necromancy
 + Level 0.7 Translocations
 + Level 0.7 Fire Magic
 + Level 2.1 Ice Magic
 + Level 0.7 Air Magic
 + Level 0.7 Earth Magic
 + Level 0.7 Alchemy
 + Level 1.0 Invocations
 + Level 1.0 Evocations
 + Level 0.8 Shapeshifting


You had 6 spell levels left.
You knew the following spells:

 Your Spells              Type           Power      Damage    Failure   Level
a - Foxfire               Conj/Fire      52%        2x1d6     7%          1

Your spell library contained the following spells:

 Spells                   Type           Power      Damage    Failure   Level
 Freeze                   Ice            32%        1d5       14%         1
 Hailstorm                Conj/Ice       15%        3d6       16%         3
 Dazzling Flash           Conj/Hex       26%        N/A       21%         3
 Scorch                   Fire           8%         2d5       36%         2
 Ozocubu's Armour         Ice            8%         N/A       38%         3
 Flame Wave               Conj/Fire      13%        2d6       56%         4
 Tukima's Dance           Hex            4%         N/A       58%         3
 Passage of Golubria      Tloc           4%         N/A       94%         4
 Yara's Violent Unravell  Hex/Alch       2%         3d3       100%        5
 Summon Cactus Giant      Summ           2%         N/A       100%        6


Dungeon Overview and Level Annotations

Branches:
Dungeon (2/15)

Altars:


Innate Abilities, Weirdness & Mutations

You have very sharp teeth.
Your uncanny sense of smell can sniff out nearby items.
Your experience applies equally to all skills.


Message History

The rat bites you but does no damage. You block the adder's attack.
Sorry, you're not good enough to have a special ability.
The adder attacks as it pursues you! The adder bites you.
Sorry, you're not good enough to have a special ability.
Casting: Foxfire (safe; 7% risk of failure)
Confirm with . or Enter, or press ? or * to list all spells.
You miscast Foxfire.
You are very lightly contaminated with residual magic.
Nothing appears to happen.
The adder barely misses you. You block the rat's attack. The adder bites you.
The rat attacks as it pursues you! The rat closely misses you.
You block the adder's attack. The adder attacks as it pursues you!
The adder bites you. The rat attacks as it pursues you!
You block the rat's attack. The adder attacks as it pursues you!
The adder closely misses you.
Things that are here:
a +0 club; a kobold corpse The adder bites you.
* * * LOW HITPOINT WARNING * * *
You are poisoned.
The adder poisons you!
Your magical contamination has completely faded away.
* * * LOW HITPOINT WARNING * * *
You feel sick. The rat attacks as it pursues you!
The rat completely misses you.
* * * LOW HITPOINT WARNING * * *
You feel sick.
Okay, then.
You hit the adder.
The adder is heavily wounded.
* * * LOW HITPOINT WARNING * * *
You feel sick. The adder bites you.
* * * LOW HITPOINT WARNING * * *
You are more poisoned.
The adder poisons you! The adder barely misses you.
You miss the adder.
The adder is heavily wounded.
* * * LOW HITPOINT WARNING * * *
You feel sick. The adder bites you.
You die...

##.####..#.....#.# #....†)...
#.####..#.....#.#####....#####
#.......#######..........#
######.###.......#.......#
#....†..)####..#.......#
#.##........#..##......#
#.##.#...##............#
#.##.....####.......####
#.#####....@Sr)######
#.#####.######## #.......#
#########


You could see an adder and a rat.

Vanquished Creatures
  An adder (D:2)
  2 ribbon worms (D:2)
  3 ball pythons (D:1)
  3 endoplasms (D:1)
  5 goblins
  3 hobgoblins
  2 quokkas (D:1)
  3 bats (D:1)
  A frilled lizard (D:1)
  5 kobolds
  3 rats (D:1)
31 creatures vanquished.

Vanquished Creatures (others)
  87 foxfires
87 creatures vanquished.

Grand Total: 118 creatures vanquished

Notes
Turn   | Place    | Note
-------+----------+-------------------------------------------
     0 | D:1      | wilfster70 the Gnoll Wanderer began the quest for the Orb.
     0 | D:1      | wilfster70 set off with the following items: a +0 dagger, a
                  | potion of attraction, a +0 robe, a +0 buckler; and the
                  | following spells available to memorise: Foxfire, Freeze,
                  | Hailstorm, Dazzling Flash, Ozocubu's Armour.
     0 | D:1      | Reached XP level 1. HP: 13/13 MP: 4/4
     2 | D:1      | Learned a level 1 spell: Foxfire
   179 | D:1      | Reached XP level 2. HP: 19/19 MP: 1/5
   647 | D:1      | Reached XP level 3. HP: 25/25 MP: 1/7
  1073 | D:2      | Reached skill level 1 in Invocations
  1164 | D:2      | Reached skill level 1 in Fighting
  1164 | D:2      | Reached skill level 1 in Short Blades
  1164 | D:2      | Reached skill level 1 in Long Blades
  1164 | D:2      | Reached skill level 1 in Axes
  1164 | D:2      | Reached skill level 1 in Maces & Flails
  1164 | D:2      | Reached skill level 1 in Polearms
  1164 | D:2      | Reached skill level 1 in Staves
  1164 | D:2      | Reached skill level 1 in Ranged Weapons
  1164 | D:2      | Reached skill level 1 in Dodging
  1164 | D:2      | Reached skill level 1 in Unarmed Combat
  1164 | D:2      | Reached skill level 1 in Evocations
  1178 | D:2      | Slain by an adder

Illustrated notes

Levels and vault maps discovered:
D:1:      wander_arrival_lonely_grave, layout_basic
D:2:      layout_loops_cross

Skill      XL: |  1  2  3 |
---------------+----------+-----
Ice Magic      | 2 |  2.1
Invocations    | 1 |  1.0
Fighting       | 1 |  1.0
Short Blades   | 1 |  1.0
Long Blades    | 1 |  1.0
Axes           | 1 |  1.0
Maces & Flails | 1 |  1.0
Polearms       | 1 |  1.0
Staves         | 1 |  1.0
Ranged Weapons | 1 |  1.0
Dodging        | 1 |  1.0
Unarmed Combat | 1 |  1.0
Evocations     | 1 |  1.0
Throwing       | |  2.6
Armour         | |  2.6
Stealth        | |  2.4
Shields        | |  2.6
Spellcasting   | |  2.9
Conjurations   | |  7.1
Hexes          | |  0.7
Summonings     | |  0.7
Necromancy     | |  0.7
Translocations | |  0.7
Fire Magic     | |  0.7
Air Magic      | |  0.7
Earth Magic    | |  0.7
Alchemy        | |  0.7
Shapeshifting  | |  0.8

Action                     || total
---------------------------++-------
  Melee: Dagger            ||     7
   Cast: Foxfire           ||    49
    Use: Potion            ||     1
 Armour: Robe              ||    27
  Dodge: Dodged            ||    24
  Block: Buckler           ||     8

Table legend: (Time is in decaauts)
 A = Elapsed time spent in this place.
 B = Non-inter-level travel time spent in this place.
 C = Inter-level travel time spent in this place.
 D = Time resting spent in this place.
 E = Time spent auto-exploring this place.
 F = Levels seen in this place.
 G = Mean time per level.
                   A        B        C        D        E       F      G
               +--------+--------+--------+--------+--------+-----+--------+
         Total |   1178 |   1164 |     14 |    173 |    409 |   2 |  589.0 |
       Dungeon |   1178 |   1164 |     14 |    173 |    409 |   2 |  589.0 |
               +--------+--------+--------+--------+--------+-----+--------+

Top non-repeatable levels by time:
     D:1: 935 daAuts
     D:2: 243 daAuts
